Map: Daybreak LE (Void)

Players

wordpad

  • Race: Protoss Protoss
  • League: Diamond
  • Spawn Location: 1:00

A.I. 1 (Hard) - Winner!

  • Race: Terran Terran
  • Spawn Location: 7:00

VOD

Have the link to the VOD?

Description

test

Time

  • Played on: Jan. 23, 2017, 7:35 p.m.
  • Length: 8:56
Show
View Real Time Build Order
Export as new Build Order

wordpad Protoss 

Build Orders: Oracle Opening 

Get SALT Encoding   

  12  0:01  Probe (Chrono Boost)  
  13  0:11  Probe (Chrono Boost)  
  14  0:19  Pylon  
  14  0:22  Probe (Chrono Boost)  
  15  0:37  Probe (Chrono Boost)  
  15  0:41  Gateway  
  16  0:48  Probe (Chrono Boost)  
  16  0:49  Assimilator  
  17  0:53  Assimilator  
  17  0:59  Probe (Chrono Boost)  
  18  1:09  Probe (Chrono Boost)  
  19  1:20  Probe (Chrono Boost)  
  20  1:28  Cybernetics Core  
  20  1:35  Probe (Chrono Boost)  
  21  1:52  Nexus  
  21  1:55  Probe (Chrono Boost)  
  22  2:06  Probe (Chrono Boost)  
  23  2:09  Pylon  
  23  2:27  Probe (Chrono Boost)  
  24  2:33  Pylon  
  24  2:34  Stalker  
  26  2:38  Probe (Chrono Boost)  
  27  2:48  Probe (Chrono Boost)  
  27  2:51  Pylon  
  28  2:58  Assimilator  
  28  2:59  Probe (Chrono Boost)  
  29  3:05  Stargate  
  29  3:09  Probe (Chrono Boost)  
  31  3:20  Probe (Chrono Boost)  
  31  3:25  Robotics Facility  
  31  3:30  Probe x2 (Chrono Boost), Gateway  
  33  3:45  Gateway  
  33  3:47  Oracle  
  36  4:00  Warp Gate  
  36  4:01  Probe (Chrono Boost)  
  38  4:03  Probe (Chrono Boost)  
  38  4:05  Pylon  
  38  4:10  Assimilator  
  38  4:11  Probe (Chrono Boost)  
  39  4:19  Probe (Chrono Boost)  
  40  4:38  Stalker  
  42  4:45  Nexus  
  42  4:48  Pylon  
  42  4:51  Probe (Chrono Boost)  
  42  4:52  Probe (Chrono Boost)  
  44  5:13  Probe (Chrono Boost)  
  46  5:15  Probe (Chrono Boost)  
  46  5:20  Observer  
  47  5:21  Oracle  
  50  5:34  Probe (Chrono Boost)  
  50  5:35  Probe (Chrono Boost)  
  52  5:43  Gateway  
  52  5:45  Gateway  
  52  5:47  Gateway  
  52  5:49  Gateway x2  
  52  5:53  Gateway  
  52  5:55  Pylon  
  52  6:01  Robotics Bay  
  52  6:03  Probe (Chrono Boost)  
  54  6:04  Probe (Chrono Boost)  
  54  6:06  Oracle  
  54  6:07  Probe (Chrono Boost)  
  55  6:13  Probe (Chrono Boost)  
  59  6:35  Probe (Chrono Boost)  
  59  6:37  Probe (Chrono Boost), Warp Prism  
  63  6:58  Pylon  
  63  7:02  Adept  
  63  7:03  Adept x3  
  63  7:04  Adept x4  
  63  7:05  Adept  
  81  7:29  Probe x2 (Chrono Boost)  
  84  7:32  Pylon  
  84  7:35  Pylon  
  83  7:40  Mothership Core (Chrono Boost)  
  85  7:48  Adept  
  85  7:49  Adept x3  
  76  8:20  Adept x3  
  76  8:21  Adept x4  
  76  8:22  Adept x2  
Show
View Real Time Build Order
Export as new Build Order

A.I. 1 (Hard) Terran - Winner!

Build Orders: MMM Bio 

Get SALT Encoding   

  12  0:00  SCV  
  13  0:13  SCV  
  14  0:20  Supply Depot  
  14  0:25  SCV  
  15  0:41  SCV  
  15  0:42  Barracks  
  16  0:53  SCV  
  17  1:05  SCV  
  18  1:18  Command Center  
  18  1:30  Marine, Orbital Command  
  19  1:38  Supply Depot  
  19  1:46  Refinery  
  19  1:47  Marine  
  20  1:55  SCV  
  20  2:00  Barracks  
  21  2:08  SCV  
  22  2:09  Refinery  
  22  2:19  Barracks Tech Lab  
  22  2:20  SCV  
  23  2:30  Supply Depot  
  23  2:32  SCV  
  24  2:39  Marauder  
  26  2:45  SCV  
  26  2:47  Marine  
  28  2:58  SCV  
  28  3:00  Marine, SCV  
  31  3:07  Barracks Tech Lab  
  31  3:10  SCV  
  32  3:17  Factory  
  32  3:19  Marauder  
  34  3:25  Marauder  
  34  3:26  Refinery  
  36  3:29  Factory  
  36  3:44  Refinery  
  36  4:01  Marine  
  36  4:02  Factory Tech Lab  
  37  4:05  Starport  
  37  4:06  SCV  
  37  4:07  SCV  
  39  4:10  Starport  
  39  4:13  Marine  
  39  4:14  Factory Tech Lab  
  40  4:26  Reaper  
  41  4:34  SCV  
  41  4:36  SCV  
  43  4:39  Ghost Academy  
  43  4:43  Starport Tech Lab  
  43  4:48  SCV, Starport Tech Lab  
  43  4:51  SCV  
  45  4:59  Supply Depot  
  42  5:01  SCV, Medivac  
  42  5:04  SCV  
  38  5:09  Ghost  
  38  5:13  SCV  
  40  5:16  SCV  
  41  5:21  Stimpack  
  41  5:25  SCV  
  41  5:28  SCV  
  43  5:33  Combat Shields  
  43  5:37  SCV  
  43  5:40  SCV  
  45  5:49  SCV  
  46  5:50  Engineering Bay  
  46  5:57  SCV  
  46  6:02  SCV  
  48  6:09  SCV  
  49  6:14  SCV  
  49  6:16  Terran Infantry Armor Level 1  
  50  6:18  Marine  
  50  6:21  SCV  
  52  6:26  SCV  
  52  6:30  Marine  
  54  6:33  SCV  
  54  6:36  Supply Depot  
  54  6:38  SCV  
  56  6:43  Marine  
  56  6:46  SCV  
  58  6:50  SCV  
  58  6:51  Concussive Shells  
  59  6:55  Marine  
  59  6:58  SCV  
  61  7:02  SCV  
  61  7:03  Supply Depot  
  61  7:07  Marine  
  63  7:10  SCV  
  64  7:19  Marine  
  65  7:24  SCV  
  65  7:26  SCV, Supply Depot  
  65  7:29  Medivac  
  69  7:32  Marauder  
  69  7:33  Raven  
  69  7:36  SCV  
  76  7:44  Marauder, Missile Turret  
  76  7:47  SCV  
  76  7:48  Missile Turret  
  77  7:52  SCV, Supply Depot  
  77  7:56  Reaper  
  79  7:59  SCV, Missile Turret, Raven  
  79  8:04  SCV  
  79  8:05  Missile Turret  
  83  8:08  Ghost  
  83  8:11  SCV, Bunker  
  84  8:16  SCV  
  84  8:23  Supply Depot  
  84  8:24  SCV  
  85  8:28  SCV  
  86  8:34  Bunker  
  86  8:36  Marine  
  86  8:39  Sensor Tower  
  87  8:42  Armory  
  87  8:46  Barracks  
Tags
 
Composition
MMM Bio
League
Diamond
Matchup
PvT
Spawn Locations
Cross Positions
Add a new tag
Caveats
  • Supply blocks, unpowered buildings, or Contaminate may cause inaccurate times.
  • Supply counts are checked every 10 seconds.